 Dungeon Crawl Stone Soup version 0.26-a0-547-g695e311587 (webtiles) character file.

Game seed: 2311371026119562046

1071 Mitsuki the Covered (level 8, 0/71 HPs)
             Began as a Minotaur Fighter on Aug 20, 2020.
             Was an Initiate of the Shining One.
             Slain by an orc warrior
             ... wielding a +0 trident
              (17 damage)
             ... on level 6 of the Dungeon.
             The game lasted 00:11:34 (4365 turns).

Mitsuki the Covered (Minotaur Fighter)              Turns: 4365, Time: 00:11:34

Health: 0/71       AC: 10    Str: 20    XL:     8   Next: 7%
Magic:  7/7        EV:  6    Int:  7    God:    the Shining One [......]
Gold:   249        SH: 10    Dex: 11    Spells: 7/7 levels left

rFire    . . .     SeeInvis .   a - +0 long sword
rCold    . . .     Faith    .   c - +0 kite shield
rNeg     . . .     Spirit   .   n - +0 chain mail
rPois    .         Reflect  .   (helmet restricted)
rElec    .         Harm     .   (no cloak)
rCorr    .                      (no gloves)
MR       +....                  (no boots)
Stlth    ..........             (no amulet)
HPRegen  0.21/turn              u - ring of protection from magic
MPRegen  0.10/turn              (no ring)

@: glowing
A: retaliatory headbutt, horns 2
a: Renounce Religion


You were on level 6 of the Dungeon.
You worshipped the Shining One.
The Shining One was noncommittal.
You visited 1 branch of the dungeon, and saw 6 of its levels.

You collected 249 gold pieces.

Inventory:

Hand Weapons
 a - a +0 long sword (weapon)
Missiles
 t - 3 curare-tipped darts (quivered)
Armour
 c - a +0 kite shield (worn)
 n - a +0 chain mail (worn)
Jewellery
 u - a ring of protection from magic (left hand)
Wands
 b - a wand of paralysis (11)
 d - a wand of iceblast (18)
 s - a wand of enslavement (13)
Scrolls
 e - 4 scrolls of identify {unknown}
 f - 2 scrolls of remove curse {unknown}
 i - a scroll of noise {unknown}
 j - a scroll of enchant weapon {unknown}
 k - 2 scrolls of teleportation {unknown}
 m - a scroll of magic mapping {unknown}
 p - a scroll of fear {unknown}
 q - a scroll of blinking {unknown}
 v - a scroll of enchant armour {unknown}
Potions
 g - a potion of haste {unknown}
 h - a potion of resistance
 l - a potion of brilliance {unknown}
 o - a potion of mutation {unknown}
 r - a potion of ambrosia {unknown}


   Skills:
 + Level 6.4 Fighting
 + Level 5.6 Long Blades
 + Level 6.4 Armour
 + Level 6.3 Shields
 * Level 0.5 Invocations
 + Level 2.7 Evocations


You had 7 spell levels left.
You didn't know any spells.
Your spell library was empty.

Dungeon Overview and Level Annotations

Branches:
Dungeon (6/15)
 Temple: D:4-7

Altars:
Ashenzari
Gozag
Hepliaklqana
Okawaru
Vehumet
Xom
The Shining One

Shops:
D:6 (


Innate Abilities, Weirdness & Mutations

You reflexively headbutt those who attack you in melee.
You have a pair of horns on your head.


Message History

The orc warrior is almost dead.
The orc warrior hits you but does no damage.
The orc hits you but does no damage. x2
You hit the orc warrior but do no damage.
You headbutt the orc warrior, but do no damage.
The orc warrior is almost dead.
The orc warrior hits you with a +0 trident!
* * * LOW HITPOINT WARNING * * *
The orc hits you but does no damage.
You take 8 damage, and have 17/71 hp.
You barely miss the orc warrior.
The orc warrior is almost dead.
You block the orc's attack. You block the orc warrior's attack.
The orc hits you but does no damage.
You hit the orc warrior but do no damage.
The orc warrior is almost dead.
The orc closely misses you. You furiously retaliate!
You headbutt the orc!
You kill the orc!
The orc warrior hits you with a +0 trident!
You die...

............#
............#
...(.......
.##...#.....#
..$>#.......##
##...........#
.....#.o)o...###
......†.@.......
#####.<...∩....
##.....####
#.....#
#...#....
##..####< #..# #
#... ....


You could see an orc warrior and an orc.

Vanquished Creatures
  A black bear (D:5)
  A sky beast (D:5)
  2 ogres (D:5)
  2 centaurs (D:5)
  The ghost of drasked the Changer, an amateur SpVM of Vehumet (D:3)
  2 scorpions
  A bullfrog skeleton (D:5)
  2 orc priests
  A centaur skeleton (D:4)
  A hound (D:4)
  Ijyb (D:5)
  An orc wizard (D:4)
  A worker ant (D:4)
  A worker ant zombie (D:5)
  8 adders
  2 ufetubi
  2 dart slugs (D:1)
  A leopard gecko (D:4)
  7 orcs
  6 bats
  2 giant cockroaches
  6 goblins
  2 hobgoblins
  10 jackals
  8 kobolds
  2 quokkas (D:4)
  3 ball pythons
  4 frilled lizards
  5 rats
86 creatures vanquished.

Notes
Turn   | Place    | Note
-------+----------+-------------------------------------------
     0 | D:1      | Mitsuki the Minotaur Fighter began the quest for the Orb.
     0 | D:1      | Reached XP level 1. HP: 19/19 MP: 0/0
   154 | D:1      | Reached XP level 2. HP: 22/27 MP: 1/1
   758 | D:2      | Reached XP level 3. HP: 33/33 MP: 2/2
  1057 | D:2      | Found a radiant altar of Vehumet.
  1217 | D:3      | Found a shimmering altar of Xom.
  1217 | D:3      | Found a shimmering altar of Xom.
  1218 | D:3      | Found a shimmering altar of Xom.
  1219 | D:3      | Found a shimmering altar of Xom.
  1220 | D:3      | Found a shimmering altar of Xom.
  1428 | D:3      | Reached XP level 4. HP: 41/41 MP: 3/3
  1818 | D:3      | Found a runed translucent door.
  1824 | D:3      | Noticed drasked's ghost (amateur SpVM)
  1837 | D:3      | Killed drasked's ghost
  1837 | D:3      | Reached XP level 5. HP: 30/47 MP: 4/4
  2349 | D:4      | Reached skill level 5 in Armour
  2458 | D:4      | Reached skill level 5 in Fighting
  2458 | D:4      | Reached skill level 5 in Shields
  2462 | D:4      | Reached XP level 6. HP: 53/56 MP: 5/5
  2484 | D:4      | Found a shattered altar of Ashenzari.
  2947 | D:4      | Reached skill level 1 in Evocations
  3413 | D:5      | Entered Level 5 of the Dungeon
  3430 | D:5      | Noticed a sky beast
  3439 | D:5      | Killed a sky beast
  3536 | D:5      | Reached XP level 7. HP: 38/62 MP: 6/6
  3710 | D:5      | Reached skill level 5 in Long Blades
  3729 | D:5      | Found a hazy altar of Hepliaklqana.
  3730 | D:5      | Found an opulent altar of Gozag.
  3731 | D:5      | Found an iron altar of Okawaru.
  3805 | D:5      | Noticed Ijyb
  3823 | D:5      | Killed Ijyb
  4237 | D:5      | Reached XP level 8. HP: 64/71 MP: 7/7
  4302 | D:5      | Found a glowing golden altar of the Shining One.
  4309 | D:5      | Became a worshipper of the Shining One
  4343 | D:6      | Found Kugoen's Antique Weapon Shop.
  4365 | D:6      | Slain by an orc warrior

Illustrated notes

Levels and vault maps discovered:
D:1:      dpeg_arrival_three_same_balls, layout_loops_ring
D:2:      layout_rooms, vehumet_crystals
D:3:      layout_rooms, xom_redecorated, ebering_ghost_reflecting_pool
D:4:      layout_cave_pods, nicolae_overflow_crystal_walls
D:5:      layout_loops_ring, tso_altar, grunt_temple_overflow_open, uniq_ijyb
D:6:      layout_rooms, gup_sewer_entry_spiral, serial_shops, shop

Skill      XL: |  1  2  3  4  5  6  7 |
---------------+----------------------+-----
Fighting       | 4 5 6 |  6.4
Armour         | 4 5 6 |  6.4
Shields        | 4 5 6 |  6.3
Long Blades    | 3 4 5 |  5.6
Evocations     | 1 2 |  2.7
Invocations    | |  0.5

Action                   |  1- 3 |  4- 6 |  7- 9 || total
-------------------------+-------+-------+-------++-------
Melee: Long sword        |    74 |   119 |    82 ||   275
       Headbutt          |    15 |    18 |    19 ||    52
  Use: Potion            |       |     4 |       ||     4
Armor: Scale mail        |    28 |       |       ||    28
       Chain mail        |    18 |    54 |    34 ||   106
Dodge: Dodged            |    29 |    18 |    16 ||    63
Block: Kite shield       |    53 |    60 |    51 ||   164
       Rpst.: Long sword |     3 |     7 |     3 ||    13

Table legend: (Time is in decaauts)
 A = Elapsed time spent in this place.
 B = Non-inter-level travel time spent in this place.
 C = Inter-level travel time spent in this place.
 D = Time resting spent in this place.
 E = Time spent auto-exploring this place.
 F = Levels seen in this place.
 G = Mean time per level.
                   A        B        C        D        E       F      G
               +--------+--------+--------+--------+--------+-----+--------+
         Total |   4438 |   4270 |    168 |     40 |   3558 |   6 |  739.7 |
       Dungeon |   4438 |   4270 |    168 |     40 |   3558 |   6 |  739.7 |
               +--------+--------+--------+--------+--------+-----+--------+

Top non-repeatable levels by time:
     D:3: 1211 daAuts
     D:4: 1109 daAuts
     D:5: 945 daAuts
     D:1: 681 daAuts
     D:2: 465 daAuts
     D:6: 25 daAuts
